 Dungeon Crawl Stone Soup version 0.25-a0-589-g1e14c549ee (webtiles) character file.

Game seed: 16144205094749876246, levelgen mode: deterministic

7480 Amnesiac the Severer (level 11, -5/86 HPs)
             Began as a Hill Orc Monk on Mar 12, 2020.
             Was a High Priest of Qazlal.
             Slain by a freezing wraith (8 damage)
             ... led by a death knight
             ... on level 10 of the Dungeon.
             The game lasted 00:25:33 (11500 turns).

Amnesiac the Severer (Hill Orc Monk)               Turns: 11500, Time: 00:25:33

Health: -5/86      AC: 15    Str: 18    XL:     11   Next: 15%
Magic:  19/19      EV:  6    Int: 10    God:    Qazlal [*****.]
Gold:   155        SH:  6    Dex: 13    Spells: 10/10 levels left

rFire    . . .     SeeInvis .   p - +1 battleaxe (vorpal)
rCold    . . .     Gourm    .   (shield currently unavailable)
rNeg     . . .     Faith    +   C - +0 plate armour
rPois    .         Spirit   .   (no helmet)
rElec    .         Reflect  .   (no cloak)
rCorr    .         Harm     .   H - +0 pair of gloves
MR       .....                  A - +1 pair of boots
Stlth    ..........             L - amulet of faith
HPRegen  0.24/turn              I - ring of stealth
MPRegen  0.16/turn              (no ring)

@: repel missiles
A: no striking features
a: Upheaval, Elemental Force, Disaster Area, Renounce Religion


You were on level 10 of the Dungeon.
You worshipped Qazlal.
Qazlal was extremely pleased with you.
You were not hungry.

You visited 2 branches of the dungeon, and saw 11 of its levels.
You also visited: Ossuary.

You collected 715 gold pieces.
You spent 560 gold pieces at shops.

Inventory:

Hand Weapons
 a - a +4 rapier of draining
 p - a +1 vorpal battleaxe (weapon)
 y - the +4 short sword of Aczop {freeze, *Corrode rElec rN+ Str+4 Dex+6}
   (You found it on level 5 of the Dungeon)

   It has been specially enchanted to freeze those struck by it, causing extra
   injury to most foes and up to half again as much damage against particularly
   susceptible opponents.
   It can also slow down cold-blooded creatures.
   It affects your strength (+4).
   It affects your dexterity (+6).
   It insulates you from electricity.
   It protects you from negative energy.
   It may corrode you when you take damage.
 D - a +0 broad axe
Missiles
 w - 5 curare-tipped darts (quivered)
 z - 58 poisoned darts
Armour
 q - a +2 buckler
 s - a +0 ring mail of cold resistance
 A - a +1 pair of boots (worn)
 C - a +0 plate armour (worn)
 E - a cursed +0 cloak
 H - a +0 pair of gloves (worn)
Jewellery
 j - an uncursed ring of fire
 I - a ring of stealth (left hand)
 L - an amulet of faith (around neck)
Wands
 t - a wand of enslavement (12)
 F - a wand of disintegration (3)
 J - a wand of iceblast (7)
Scrolls
 f - 5 scrolls of remove curse {!r}
 g - a scroll of fog {!r}
 h - a scroll of fear {!r}
 i - a scroll of amnesia {!r, unknown}
 k - 9 scrolls of teleportation {!r}
 r - 2 scrolls of random uselessness {!r, unknown}
 u - 3 scrolls of enchant weapon {!r}
 v - 3 scrolls of identify {!r}
 x - a scroll of magic mapping {!r}
 G - a scroll of summoning {!r}
 O - a scroll of blinking {!r, unknown}
Potions
 b - 2 potions of degeneration {!q, unknown}
 d - 4 potions of brilliance {!q}
 e - 4 potions of haste {!q}
 l - 3 potions of curing {!q}
 m - a potion of might {!q}
 n - 4 potions of heal wounds {!q}
 o - 2 potions of resistance {!q}
 B - a potion of stabbing {!q}
 M - a potion of flight {!q, unknown}
Miscellaneous
 K - a phial of floods
Comestibles
 c - 23 rations
 N - 3 chunks of flesh


   Skills:
 - Level 5.0 Fighting
 + Level 15.2 Axes
 - Level 4.0 Armour
 - Level 2.4 Dodging
 - Level 1.5 Stealth
 - Level 4.0 Shields
 * Level 11.4 Invocations
 - Level 4.3 Evocations


You had 10 spell levels left.
You didn't know any spells.
Your spell library was empty.

Dungeon Overview and Level Annotations

Branches:
Dungeon (10/15)            Temple (1/1) D:5             Orc (0/2) D:9
Ossuary (visited)
   Lair: D:8-11

Altars:
Ashenzari
Cheibriados
Dithmenos
Elyvilon
Fedhas
Gozag
Hepliaklqana
Kikubaaqudgha
Makhleb
Nemelex Xobeh
Okawaru
Qazlal
Ru
Sif Muna
Trog
Uskayaw
Vehumet
Wu Jian
Xom
Yredelemnul
Zin
The Shining One
Beogh

Shops:
D:6 =   D:7 (   D:9 [


Message History

You hear an angry growl.
You hear a shout!
You hear a shout!
b - 2 fuming dark potions {!q} (gained 1)
You hear an angry hiss.
k - 9 scrolls of teleportation {!r} (gained 1)
You hear an angry hiss.
A death knight comes into view.
It is wielding a +4 broad axe of flaming.
A death knight is nearby!
A death knight is nearby!
An adder comes into view.
A freezing wraith comes into view.
The adder moves out of view.
Something shouts, "Disclaim thyself, thou feckless spleeny erk!"
The death knight offers itself to Yredelemnul, and fills with unholy energy.
A freezing wraith comes into view.
A jelly comes into view.
The jelly quivers.
Press: ? - help, v - describe, . - travel
Here: a death knight, wielding a +4 broad axe of flaming and wearing a +0 chain mail (reflecting injuries)
The floor.
Unknown command.
The death knight invokes the aid of Yredelemnul against you.
Your body is wracked with pain!
* * * LOW HITPOINT WARNING * * *
An orc wizard comes into view. It is wielding a +0 dagger.
Unknown command.
Unknown command.
Unknown command.
The death knight hits you with a +4 broad axe of flaming!
* * * LOW HITPOINT WARNING * * *
The death knight burns you.
* * * LOW HITPOINT WARNING * * *
There is a stone staircase leading up here.
Unknown command.
You hear a bellow!
The death knight's dark mirror aura disappears.
Things that are here:
a +0 short sword; a +0 leather armour; an orc skeleton
Okay, then.
Unknown command.
Unknown command.
Unknown command.
Unknown command.
The adder is engulfed in freezing vapours.
You kill the adder!
Qazlal accepts your kill. The freezing wraith barely misses you.
You block the freezing wraith's attack.
Items here: ))) [[ ÷ The death knight is engulfed in freezing vapours.
Okay, then.
Unknown command.
Okay, then.
Really quaff
n - 6 potions of heal wounds {!q}?
You feel much better. The freezing wraith hits you.
* * * LOW HITPOINT WARNING * * *
The freezing wraith freezes you!!
* * * LOW HITPOINT WARNING * * *
The freezing wraith barely misses you.
Really quaff
n - 5 potions of heal wounds {!q}?
You feel much better. The freezing wraith hits you.
* * * LOW HITPOINT WARNING * * *
The freezing wraith freezes you!!
* * * LOW HITPOINT WARNING * * *
The freezing wraith hits you!
You die...

##..#...(.....#.....##
#.(...#.......#######
#.....(.......#
.....(....)##..#
....###().o##### ....
#))))W..## ..
#)...#...# .
##....##.§##########
#.....##.pW@<......#
#....####..°.....#.#
#....# #○.☼.......#
#....# #..........#
#.)..# #......_...#
#....# #..........#
#....# #####......#
#.<..# ###....# ######


You could see a death knight, 2 freezing wraiths and an orc wizard.

Vanquished Creatures
  2 two-headed ogres
  Prince Ribbit (D:8)
  A hippogriff (D:9)
  Sigmund (D:2)
  A spriggan (D:7)
  A wyvern (D:9)
  Eustachio (D:5)
  3 hungry ghosts
  Edmund (D:5)
  A water moccasin (D:6)
  4 orc warriors
  A phantom (D:8)
  3 sky beasts
  4 ogres
  A necrophage (D:8)
  2 centaurs
  4 big kobolds
  2 elf zombies (D:6)
  A bullfrog (D:6)
  2 elf skeletons (D:6)
  3 scorpions
  2 wyvern skeletons (D:8)
  4 wights (D:6)
  4 killer bees (D:8)
  A howler monkey (D:8)
  4 centaur zombies
  6 crimson imps
  4 hounds
  A human zombie (D:6)
  A jelly (D:6)
  12 orc priests
  A gnoll shaman (D:4)
  18 orc wizards
  Ijyb (D:3)
  A human skeleton (D:6)
  An iguana (D:6)
  3 worker ants
  A killer bee zombie (D:5)
  2 big kobold zombies (Ossuary)
  2 hound zombies
  3 mummies (Ossuary)
  A howler monkey zombie (D:10)
  5 gnolls (D:4)
  A howler monkey skeleton (D:8)
  14 adders
  4 adder zombies
  2 adder skeletons
  5 worms
  A dart slug (D:3)
  6 leopard geckos
  46 orcs
  6 bats
  6 giant cockroaches
  3 gnoll zombies (Ossuary)
  7 goblins
  5 hobgoblins
  5 jackals
  7 quokkas
  A ball python (D:5)
  7 frilled lizards
  A goblin zombie (Ossuary)
  4 hobgoblin zombies (Ossuary)
  A jackal skeleton (D:4)
  4 jackal zombies (Ossuary)
  29 kobolds
  A kobold zombie (Ossuary)
  An orc zombie (Ossuary)
  A quokka skeleton (D:4)
  6 quokka zombies (Ossuary)
  25 rats
  5 rat zombies (Ossuary)
322 creatures vanquished.

Vanquished Creatures (collateral kills)
  A howler monkey zombie (D:6)
  An orc (D:6)
2 creatures vanquished.

Vanquished Creatures (others)
  A fungus (D:10)
1 creature vanquished.

Grand Total: 325 creatures vanquished

Notes
Turn   | Place    | Note
-------+----------+-------------------------------------------
     0 | D:1      | Amnesiac the Hill Orc Monk began the quest for the Orb.
     0 | D:1      | Reached XP level 1. HP: 19/19 MP: 1/1
    44 | D:1      | Reached XP level 2. HP: 24/26 MP: 2/2
    97 | D:1      | Reached skill level 5 in Axes
   626 | D:2      | Reached XP level 3. HP: 10/31 MP: 3/3
  1270 | D:2      | Reached skill level 6 in Axes
  1443 | D:2      | Reached skill level 1 in Shields
  1443 | D:2      | Reached XP level 4. HP: 19/39 MP: 4/4
  1593 | D:2      | Noticed Sigmund
  2167 | D:2      | Killed Sigmund
  2167 | D:2      | Reached skill level 7 in Axes
  2167 | D:2      | Reached XP level 5. HP: 37/45 MP: 5/5
  2167 | D:2      | Reached XP level 6. HP: 42/51 MP: 6/6
  2326 | D:3      | Noticed Ijyb
  2354 | D:3      | Killed Ijyb
  2354 | D:3      | Reached skill level 8 in Axes
  2476 | D:3      | Found a glowing golden altar of the Shining One.
  3181 | D:4      | Noticed a sky beast
  3340 | D:4      | Reached XP level 7. HP: 51/57 MP: 7/7
  3368 | D:4      | Reached skill level 9 in Axes
  3899 | D:4      | Reached skill level 10 in Axes
  4382 | D:4      | Reached XP level 8. HP: 43/64 MP: 8/8
  4956 | D:4      | Reached skill level 11 in Axes
  5255 | D:5      | Entered Level 5 of the Dungeon
  5264 | D:5      | Got an ebony short sword
  5266 | D:5      | Identified the +4 short sword of Aczop {freeze, *Corrode
                  | rElec rN+ Str+4 Dex+6} (You found it on level 5 of the
                  | Dungeon)
  5344 | D:5      | Noticed Eustachio
  5373 | D:5      | Killed Eustachio
  5373 | D:5      | Reached skill level 1 in Armour
  5721 | D:5      | Reached skill level 12 in Axes
  5753 | D:5      | Found a staircase to the Ecumenical Temple.
  5761 | Temple   | Entered the Ecumenical Temple
  5948 | Temple   | Became a worshipper of Qazlal Stormbringer
  5948 | Temple   | Reached * piety under Qazlal
  5948 | Temple   | Reached ** piety under Qazlal
  6010 | D:5      | Noticed Edmund
  6025 | D:5      | Killed Edmund
  6025 | D:5      | Reached skill level 5 in Fighting
  6453 | D:5      | Reached XP level 9. HP: 56/74 MP: 9/9
  6497 | D:6      | Found an iron altar of Okawaru.
  6497 | D:6      | Found a shattered altar of Ashenzari.
  6719 | D:6      | Reached skill level 1 in Invocations
  7006 | D:6      | Reached skill level 13 in Axes
  7012 | D:6      | Found a sand-covered staircase.
  7049 | Ossuary  | Entered an ossuary
  7113 | Ossuary  | Reached skill level 1 in Evocations
  7386 | Ossuary  | Reached *** piety under Qazlal
  7940 | D:6      | Reached skill level 5 in Invocations
  8166 | D:6      | Found Acvas's Jewellery Shop.
  8559 | D:6      | Found a stormy altar of Qazlal.
  8643 | D:7      | Reached skill level 14 in Axes
  8643 | D:7      | Reached XP level 10. HP: 75/81 MP: 14/14
  8825 | D:7      | Found Fuinty's Antique Weapon Boutique.
  9155 | D:7      | Found a sparkling altar of Nemelex Xobeh.
  9159 | D:7      | Found a basalt altar of Yredelemnul.
  9285 | D:8      | Noticed Prince Ribbit
  9297 | D:8      | Killed Prince Ribbit
  9345 | D:8      | Reached **** piety under Qazlal
  9574 | D:8      | Noticed a two-headed ogre
  9583 | D:8      | Killed a two-headed ogre
  9784 | D:8      | Found a bloodstained altar of Trog.
  9784 | D:8      | Found a shadowy altar of Dithmenos.
  9805 | D:8      | Found a white marble altar of Elyvilon.
 10103 | D:9      | Found Loizep's Antique Armour Emporium.
 10207 | D:6      | Bought an uncursed amulet of faith for 560 gold pieces
 10317 | D:9      | Found a staircase to the Orcish Mines.
 10379 | D:9      | Found a roughly hewn altar of Beogh.
 10512 | D:9      | Reached skill level 10 in Invocations
 10578 | D:9      | Reached ***** piety under Qazlal
 10578 | D:9      | Reached skill level 15 in Axes
 10595 | D:9      | Reached XP level 11. HP: 58/86 MP: 18/18
 10606 | D:9      | Noticed a two-headed ogre
 10640 | D:9      | Killed a two-headed ogre
 11369 | D:10     | Entered Level 10 of the Dungeon
 11393 | D:10     | Found an opulent altar of Gozag.
 11481 | D:10     | Noticed a death knight
 11500 | D:10     | HP: 3/86 [freezing wraith[a death knight] (23)]
 11500 | D:10     | Slain by a freezing wraith

Levels and vault maps discovered:
D:1:      shiori_shiawase, layout_rooms, corexii_leaking_fountain
D:2:      layout_basic, first_ration, uniq_sigmund
D:3:      layout_basic, tso_metal_star, minmay_rat_hole, uniq_ijyb
D:4:      layout_layer_cave, minmay_bisected
D:5:      layout_rooms, temple_doors_ab, serial_bayou, serial_bayou_pond_c,
          serial_bayou_shore_b, serial_bayou_shore_b, serial_bayou_ford_a,
          kennysheep_path_1, uniq_edmund, uniq_eustachio
D:6:      lemuel_upstairs_altar, layout_rooms, gammafunk_temple_overflow_pools,
          serial_shops, shop, nicolae_ossuary_entry_catacombs
D:7:      layout_loops_ring, minitemple, serial_shops, kennysheep_little_box,
          the_bakery, minivault_10
D:8:      layout_basic, grunt_temple_overflow_open, elyvilon_altar_5,
          uniq_prince_ribbit1
D:9:      layout_irregular_city, minmay_orc_entry_temple_large, serial_shops,
          shop, hangedman_abyss_or_decor_lesser_grid
D:10:     minmay_the_grid_four_pointed_star
          [minmay_the_grid_triangle_9x9_checkered,
          minmay_the_grid_triangle_9x9_impossible_snake,
          minmay_the_grid_triangle_9x9_from_above,
          minmay_the_grid_triangle_9x9_skeleton,
          minmay_the_grid_prize_big_room], layout_rooms, david_lair_generic,
          basic_altar, nicolae_trove_entry_columns
Temple:   regret_index_temple_generic_petals

Skill      XL: |  1  2  3  4  5  6  7  8  9 10 11 |
---------------+----------------------------------+-----
Axes           | 5 6 7 8 10 12 14 15 | 15.2
Shields        | 1 2 3 4 |  4.0
Fighting       | 5 |  5.0
Armour         | 3 4 |  4.0
Invocations    | 6 10 11 | 11.4
Evocations     | 3 4 |  4.3
Dodging        | |  2.4
Stealth        | |  1.5

Action                   |  1- 3 |  4- 6 |  7- 9 | 10-12 || total
-------------------------+-------+-------+-------+-------++-------
Melee: Hand axe          |    73 |    33 |       |       ||   106
       Club              |       |   108 |   257 |       ||   365
       Rapier            |       |       |   442 |       ||   442
       Short sword       |       |       |     5 |       ||     5
       Battleaxe         |       |       |    21 |   220 ||   241
 Fire: Hunting sling     |    33 |    30 |    46 |       ||   109
Throw: Dart              |       |    38 |    34 |     4 ||    76
       Stone             |       |       |     2 |       ||     2
       Throwing net      |       |       |     3 |       ||     3
Evoke: Wand              |       |       |     1 |     6 ||     7
  Use: Scroll            |       |       |    17 |       ||    17
       Potion            |       |       |     3 |     3 ||     6
 Stab: Sleeping          |     2 |     3 |       |       ||     5
       Held in net/web   |       |       |     1 |       ||     1
  Eat: Chunk             |     2 |     6 |    10 |    11 ||    29
       Ration            |       |       |     3 |       ||     3
Armor: Robe              |    13 |    14 |       |       ||    27
       Chain mail        |       |     7 |   267 |       ||   274
       Plate armour      |       |       |    38 |   118 ||   156
Dodge: Dodged            |    54 |    65 |   207 |    61 ||   387
       Deflected         |       |       |       |     6 ||     6
Block: Buckler           |     3 |    34 |   316 |       ||   353
       Other             |       |       |     4 |    55 ||    59

Table legend:
 A = Non-vault XP
 B = Vault XP
 C = Vault XP percentage of total XP
 D = Non-vault monster count
 E = Vault monster count
 F = Vault count percentage of total count
                 A         B        C        D         E       F
            +---------+---------+-------+---------+---------+-------
      Total |    8260 |    2427 |  22.7 |     233 |      91 |  28.1
            +---------+---------+-------+---------+---------+-------
        D:1 |      38 |       0 |   0.0 |      21 |       0 |   0.0
        D:2 |      58 |     227 |  79.6 |      13 |       1 |   7.1
        D:3 |      97 |      59 |  37.8 |      34 |      20 |  37.0
        D:4 |     821 |      13 |   1.6 |      35 |       1 |   2.8
        D:5 |     613 |     345 |  36.0 |      19 |       2 |   9.5
        D:6 |    1374 |     456 |  24.9 |      40 |       6 |  13.0
        D:7 |     313 |     220 |  41.3 |       6 |       1 |  14.3
        D:8 |    2336 |     277 |  10.6 |      25 |       1 |   3.8
        D:9 |    2147 |     521 |  19.5 |      25 |      22 |  46.8
       D:10 |     463 |       0 |   0.0 |      15 |       0 |   0.0
    Ossuary |       0 |     309 | 100.0 |       0 |      37 | 100.0
            +---------+---------+-------+---------+---------+-------
